 Dungeon Crawl Stone Soup version 0.19-a0-1888-g6ba2374 (webtiles) character file.

47 Naow the Chopper (level 3, 0/33 HPs)
             Began as a Minotaur Berserker on Oct 17, 2016.
             Was a Follower of Trog.
             Succumbed to an adder's poison
             ... on level 2 of the Dungeon.
             The game lasted 00:02:40 (1031 turns).

Naow the Chopper (Minotaur Berserker)               Turns: 1031, Time: 00:02:41

Health: 0/33       AC:  2    Str: 20 (21) XL:     3   Next: 48%
Magic:  2/2        EV: 12    Int:  2 (5)  God:    Trog [*.....]
Gold:   58         SH:  0    Dex:  8 (9)  Spells: 0 memorised, 2 levels left

rFire  . . .     SeeInvis .     a - +0 hand axe
rCold  . . .     Gourm    .     b - +0 animal skin
rNeg   . . .     Faith    .     (no shield)
rPois  .         Spirit   .     (helmet restricted)
rElec  .         Dismiss  .     (no cloak)
rCorr  .         Reflect  .     (no gloves)
MR     .....     Harm     .     (no boots)
Stlth  +.........               (no amulet)
                                (no ring)
                                (no ring)

@: lethally poisoned (0 -> -5), exhausted, slowed, very slow
A: retaliatory headbutt, horns 2
a: Berserk, Burn Spellbooks, Renounce Religion


You were on level 2 of the Dungeon.
You worshipped Trog.
Trog was aware of your devotion.
You were very hungry.

You visited 1 branch of the dungeon, and saw 2 of its levels.

You collected 58 gold pieces.

Inventory:

Hand Weapons
 a - a +0 hand axe (weapon)
Armour
 b - a +0 animal skin (worn)
Jewellery
 j - an uncursed ring of fire {unknown}
Scrolls
 g - a scroll of immolation {unknown}
 i - 2 scrolls of teleportation {unknown}
 k - a scroll of identify {unknown}
Potions
 d - a potion of might {unknown}
 e - a potion of degeneration
 h - a potion of berserk rage {unknown}
 l - a potion of magic {unknown}
Comestibles
 c - a bread ration
 f - 6 chunks of flesh


   Skills:
 - Level 3.9 Fighting
 + Level 5.0 Axes
 - Level 2.7 Armour
 - Level 2.3 Dodging


You had 2 spell levels left.
You didn't know any spells.

Dungeon Overview and Level Annotations

Branches:
Dungeon (2/15)

Altars:
Qazlal


Innate Abilities, Weirdness & Mutations

You reflexively headbutt those who attack you in melee.
You have a pair of horns on your head.


Message History

* * * LOW HITPOINT WARNING * * *
You feel sick.
You slash the adder!
You kill the adder!
Trog accepts your kill.
Your Axes skill increases to level 5!
You slash the rat!
You kill the rat!
Trog accepts your kill.
You are too berserk!
You feel a strong urge to attack something.
* * * LOW HITPOINT WARNING * * *
You feel sick.
You feel your anger subside.
You are no longer berserk.
You are exhausted.
You feel yourself slow down.
It was a potion of degeneration.
There was something very wrong with that liquid.
You feel weakened.
You feel dopey.
You feel clumsy.
You die...

.............# ....
...............#
#..#
#.##...........#
#..#
#.##...........+
#..#
#.##...........#
#..#
#........†.....#
#..#
#..............#
#..#
###.....###.##.....
##.###.......###@#
...
≈...§#.##........#
#
.....#.##........#
.._....##.......(#
.....####........#
§...§# #........#
##.### #....##....
#...# #....###.###
#..## ##.### #.#


There were no monsters in sight!

Vanquished Creatures
  2 adders (D:2)
  A dart slug (D:2)
  A leopard gecko (D:1)
  A bat (D:2)
  3 giant cockroaches
  3 goblins
  A hobgoblin (D:1)
  3 jackals (D:2)
  4 kobolds
  4 frilled lizards
  3 rats
26 creatures vanquished.

Notes
Turn   | Place    | Note
-------+----------+-------------------------------------------
     0 | D:1      | Naow the Minotaur Berserker began the quest for the Orb.
     0 | D:1      | Reached XP level 1. HP: 19/19 MP: 0/0
   320 | D:1      | Reached XP level 2. HP: 21/27 MP: 1/1
   708 | D:1      | Reached skill level 4 in Axes
   988 | D:2      | Found a stormy altar of Qazlal.
  1015 | D:2      | Reached XP level 3. HP: 29/33 MP: 2/2
  1025 | D:2      | HP: 2/49 [poisoned by an adder]
  1026 | D:2      | Reached skill level 5 in Axes
  1031 | D:2      | Succumbed to an adder's poison

Vault maps used:
D:1:      lightli_molten_gateway
D:2:      grunt_qazlal_clouds

Skill      XL: |  1  2  3 |
---------------+----------+-----
Axes           | 4 5 |  5.0
Fighting       | |  3.9
Armour         | |  2.7
Dodging        | |  2.3

Action                   || total
-------------------------++-------
Melee: Hand axe          ||    57
       Headbutt          ||     7
Invok: Berserk           ||     2
  Use: Potion            ||     1
  Eat: Chunk             ||     1
Armor: Animal skin       ||     8
Dodge: Dodged            ||    35
